 Dungeon Crawl Stone Soup version 0.29-a0-25-g7f48f510a0 (webtiles) character file.

Game seed: 17578323760845066936

153 horus123 the Skirmisher (level 5, -2/48 HPs)
             Began as a Hill Orc Monk on Jan 31, 2022.
             Was a Believer of Beogh.
             Slain by Natasha (7 damage)
             ... on level 3 of the Dungeon.
             The game lasted 00:04:56 (2570 turns).

horus123 the Skirmisher (Hill Orc Monk)             Turns: 2570, Time: 00:04:57

Health: -2/48      AC:  7    Str: 16    XL:     5   Next: 35%
Magic:  8/8        EV: 11    Int: 10    God:    Beogh [**....]
Gold:   24         SH:  0    Dex: 13    Spells: 4/4 levels left

rFire   . . .      SeeInvis .   a - +0 mace
rCold   . . .      Faith    .   (no shield)
rNeg    . . .      Spirit   .   d - +0 ring mail
rPois   .          Reflect  .   c - +0 helmet
rElec   .          Harm     .   (no cloak)
rCorr   .          Rampage  .   (no gloves)
Will    .....                   j - +0 pair of boots {Fly}
Stlth   +.........              (no amulet)
HPRegen 0.16/turn               g - +4 ring of slaying
MPRegen 0.11/turn               (no ring)

@: flying, slowed, very slow
A: no striking features
a: Renounce Religion, Smiting


You were on level 3 of the Dungeon.
You worshipped Beogh.
Beogh was pleased with you.
You visited 1 branch of the dungeon, and saw 3 of its levels.

You collected 24 gold pieces.

Inventory:

Hand Weapons
 a - a +0 mace (weapon)
Armour
 b - a +0 robe
 c - a +0 helmet (worn)
 d - a +0 ring mail (worn)
 h - an orb of guile
 j - a +0 pair of boots of flying (worn)
Jewellery
 g - a +4 ring of slaying (left hand)
Potions
 e - a potion of ambrosia
 f - 3 potions of curing
 k - 2 potions of mutation


   Skills:
 - Level 5.2 Fighting
 - Level 3.2 Maces & Flails
 - Level 1.0 Armour
 - Level 2.4 Dodging
 - Level 1.5 Stealth
 + Level 4.6 Invocations


You had 4 spell levels left.
You didn't know any spells.
Your spell library contained the following spells:

 Spells                   Type           Power      Damage    Failure   Level
 Animate Skeleton         Necr           0%         N/A       58%         1
 Pain                     Necr           0%         1d4       58%         1
 Static Discharge         Conj/Air       0%         N/A       73%         2
 Vampiric Draining        Necr           0%         2d6       91%         3
 Dispel Undead            Necr           0%         3d6       100%        4
 Sticky Flame             Conj/Fire      0%         2d3       100%        4
 Freezing Cloud           Conj/Ice/Air   0%         6-21      100%        5
 Simulacrum               Ice/Necr       0%         N/A       100%        6
 Polar Vortex             Ice            0%         N/A       100%        9


Dungeon Overview and Level Annotations

Branches:
Dungeon (3/15)

Altars:
Beogh

Annotations:
D:3 Natasha


Message History

Natasha stares at you and mumbles some strange words.
The magic dart hits you but does no damage.
Natasha closely misses you.
The crimson imp blinks!
You closely miss Natasha.
Natasha is heavily wounded.
Natasha barely misses you. x2
You completely miss Natasha.
Natasha is heavily wounded.
You feel yourself speed up.
Natasha casts a spell.
The crimson imp hits you but does no damage.
Natasha closely misses you. The crimson imp closely misses you.
You hit Natasha.
Natasha is heavily wounded.
Natasha claws you. The crimson imp closely misses you.
You closely miss Natasha.
Natasha is heavily wounded.
Natasha claws you.
The crimson imp blinks!
You miss Natasha.
Natasha is heavily wounded.
Natasha claws you but does no damage.
The crimson imp blinks!
Natasha barely misses you.
You hit Natasha.
Natasha is almost dead.
The iron imp laughs crazily.
Natasha claws you.
* * * LOW HITPOINT WARNING * * *
You barely miss Natasha.
Natasha is almost dead.
Natasha stares at you and mumbles some strange words.
You feel yourself slow down.
You closely miss Natasha.
Natasha is almost dead.
Natasha mumbles some strange words.
Natasha claws you.
* * * LOW HITPOINT WARNING * * *
You barely miss Natasha.
Natasha is severely wounded.
Natasha barely misses you.
The crimson imp blinks!
Natasha claws you!
You die...

. ...#.....
..........
....#....#
.....>...#
#...### ###...###
#55...# ##h##..#
...####@## ..###
...ยง.5...###....
...####.<.......
#.......##
#........##...
#.............
...............
................
###o#.##.#......


You could see an iron imp (summoned), Natasha, a crimson imp (summoned) and a
white imp (summoned).

Vanquished Creatures
  An orc wizard (D:3)
  Natasha (twice) (D:3)
  2 adders
  A worm (D:3)
  A dart slug (D:1)
  4 orcs (D:3)
  4 ball pythons
  4 endoplasms
  3 giant cockroaches (D:1)
  A goblin (D:1)
  5 hobgoblins
  2 jackals (D:1)
  2 quokkas (D:2)
  4 bats
  4 frilled lizards
  3 kobolds
  9 rats
52 creatures vanquished.

Notes
Turn   | Place    | Note
-------+----------+-------------------------------------------
     0 | D:1      | horus123 the Hill Orc Monk began the quest for the Orb.
     0 | D:1      | Reached XP level 1. HP: 19/19 MP: 1/1
   163 | D:1      | Reached skill level 4 in Fighting
   169 | D:1      | Reached XP level 2. HP: 17/27 MP: 2/2
   831 | D:1      | Found a roughly hewn altar of Beogh.
   846 | D:1      | Reached XP level 3. HP: 33/35 MP: 3/3
   851 | D:1      | Reached skill level 5 in Fighting
   857 | D:1      | Found a faded altar of an unknown god.
  1823 | D:1      | Became a worshipper of Beogh the Brigand
  1823 | D:1      | Reached * piety under Beogh
  1823 | D:1      | Reached ** piety under Beogh
  1930 | D:2      | Reached skill level 1 in Armour
  1951 | D:2      | Reached skill level 1 in Invocations
  2343 | D:3      | Noticed Natasha
  2355 | D:3      | Reached XP level 4. HP: 41/42 MP: 5/5
  2360 | D:3      | Killed Natasha
  2516 | D:3      | Reached XP level 5. HP: 24/48 MP: 6/8
  2541 | D:3      | Noticed Natasha
  2546 | D:3      | Killed Natasha
  2548 | D:3      | Noticed Natasha
  2570 | D:3      | Slain by Natasha

Illustrated notes

Levels and vault maps discovered:
D:1:      dpeg_arrival_water_temple_mockup, layout_basic,
          hellmonk_ecumenical_altar_defaced_shrine
D:2:      layout_basic
D:3:      layout_rooms, lemuel_doored_altar, marbit_many_paths,
          ebering_ghost_sewer_d, uniq_natasha

Skill      XL: |  1  2  3  4 |
---------------+-------------+-----
Fighting       | 4 5 |  5.2
Armour         | 1 |  1.0
Invocations    | 1 4 |  4.6
Maces & Flails | |  3.2
Dodging        | |  2.4
Stealth        | |  1.5

Action                   |  1- 3 |  4- 6 || total
-------------------------+-------+-------++-------
Melee: Mace              |   114 |    51 ||   165
       Punch             |     1 |       ||     1
  Use: Scroll            |     3 |       ||     3
       Potion            |     1 |       ||     1
 Stab: Sleeping          |     2 |       ||     2
Armor: Robe              |    15 |       ||    15
       Ring mail         |    18 |    17 ||    35
Dodge: Dodged            |    72 |    22 ||    94

Table legend: (Time is in decaauts)
 A = Elapsed time spent in this place.
 B = Non-inter-level travel time spent in this place.
 C = Inter-level travel time spent in this place.
 D = Time resting spent in this place.
 E = Time spent auto-exploring this place.
 F = Levels seen in this place.
 G = Mean time per level.
                   A        B        C        D        E       F      G
               +--------+--------+--------+--------+--------+-----+--------+
         Total |   2616 |   2506 |    110 |    144 |   1748 |   3 |  872.0 |
       Dungeon |   2616 |   2506 |    110 |    144 |   1748 |   3 |  872.0 |
               +--------+--------+--------+--------+--------+-----+--------+

Top non-repeatable levels by time:
     D:1: 1518 daAuts
     D:2: 843 daAuts
     D:3: 255 daAuts
